 Dungeon Crawl Stone Soup version 0.28-a0-312-gbced6e68ee (webtiles) character file.

Game seed: 7801390076265484204

7300 robertstho the Thaumaturge (level 11, -1/67 HPs)
             Began as a Djinni Fire Elementalist on Aug 27, 2021.
             Was an Initiate of Gozag.
             Slain by a wraith (3 damage)
             ... on level 10 of the Dungeon on Aug 30, 2021.
             The game lasted 00:18:27 (13253 turns).

robertstho the Thaumaturge (DjFE)                  Turns: 13253, Time: 00:18:28

Health: -1/67      AC:  4    Str:  7    XL:     11   Next: 34%
Gold:   311        EV: 14    Int: 19    God:    Gozag SH:  0 Dex: 15

rFire   + . .      SeeInvis .   c - +2 dagger (venom)
rCold   . . .      Faith    .   (no shield)
rNeg    . . .      Spirit   .   g - +1 robe {Will+}
rPois   ∞          Reflect  .   a - +0 helmet
rElec   .          Harm     .   (no cloak)
rCorr   .          Rampage  .   (no gloves)
Will    ++...                   (boots unavailable)
Stlth   +++.......              (no amulet)
HPRegen 0.21/turn               q - ring of ice
MPRegen 0.00/turn               (no ring)

@: flying, slowed, very slow
A: sickness immunity, fire resistance 2, cold vulnerability 1, float, innate
caster, hp casting, extra vitality 1
a: Renounce Religion, Potion Petition, Call Merchant, Bribe Branch


You were on level 10 of the Dungeon.
You worshipped Gozag.
Gozag was aware of your devotion.
You visited 2 branches of the dungeon, and saw 11 of its levels.

You collected 890 gold pieces.
You paid 579 gold pieces to Gozag.

Inventory:

Hand Weapons
 b - a +0 dagger
 c - a +2 dagger of venom (weapon)
Armour
 a - a +0 helmet (worn)
 g - a +1 robe of willpower (worn)
Jewellery
 q - a ring of ice (left hand)
Wands
 j - a wand of flame (53)
 t - a wand of polymorph (12)
 u - a wand of iceblast (7)
 x - a wand of paralysis (9)
Scrolls
 d - a scroll of silence
 e - a scroll of teleportation
 h - 2 scrolls of fear {unknown}
 i - 3 scrolls of immolation
 k - a scroll of magic mapping
 l - a scroll of fog {unknown}
 v - a scroll of enchant armour
Potions
 m - a potion of might
 o - 3 potions of curing {unknown}
 r - a potion of cancellation {unknown}
 s - a potion of degeneration {unknown}
 w - a potion of mutation {unknown}
 A - 2 potions of attraction
 B - a potion of magic {unknown}


   Skills:
 + Level 1.2 Fighting
 + Level 1.2 Short Blades
 + Level 4.4 Dodging
 + Level 5.8 Stealth
 + Level 11.6 Spellcasting
 + Level 0.9 Evocations


You had 3 spell levels left.
You knew the following spells:

 Your Spells              Type           Power      Damage    Failure   Level
a - Foxfire               Conj/Fire      100%       2x1d9     1%          1
b - Conjure Flame         Conj/Fire      53%        6-21      1%          3
c - Inner Flame           Hex/Fire       53%        N/A       1%          3
d - Sticky Flame          Conj/Fire      53%        2d7       1%          4
e - Fireball              Conj/Fire      26%        3d12      1%          5
f - Animate Skeleton      Necr           100%       N/A       1%          1
g - Poisonous Vapours     Pois/Air       100%       N/A       1%          2
h - Blink                 Tloc           N/A        N/A       1%          2
i - Cause Fear            Hex            26%        N/A       1%          4
j - Manifold Assault      Tloc           53%        N/A       1%          5
Your spell library was empty.

Dungeon Overview and Level Annotations

Branches:
Dungeon (10/15)            Temple (1/1) D:6            Lair (0/6) D:9
    Orc: D:9-12

Altars:
Ashenzari
Cheibriados
Dithmenos
Elyvilon
Fedhas
Gozag
Hepliaklqana
Kikubaaqudgha
Makhleb
Nemelex Xobeh
Okawaru
Qazlal
Ru
Sif Muna
Trog
Uskayaw
Vehumet
Wu Jian
Xom
Yredelemnul
Zin
The Shining One

Shops:
D:6 *

Annotations:
D:10 Joseph


Innate Abilities, Weirdness & Mutations

You are immune to sickness and miasma.
You are immune to poison.
Your flesh is very heat resistant. (rF++)
You are vulnerable to cold. (rC-)
You float through the air rather than walking.
You learn spells naturally, not from books.
Your magical power is your life essence.
You have superior vitality. (+4 HP)


Message History

[a] - 638 gold - haste, brilliance, heal wounds and curing [b] - 105 gold - heal wounds [c] - 462 gold - heal wounds, curing, haste and brilliance Purchase which effect?
You no longer have enough gold to petition Gozag for potion effects.
You feel much better.
Casting: Fireball (dangerous; 1% risk of failure)
Confirm with . or Enter, or press ? or * to list all spells.
Aiming: Fireball (dangerous; 1% risk of failure)
Press: ? - help, Shift-Dir - straight line, f/p - wraith
Aim: a wraith (moderately damaged)
The fireball explodes!
The fireball engulfs the wraith!
The wraith is severely damaged.
* * * LOW HITPOINT WARNING * * *
Unknown command.
Unknown command.
Casting: Fireball (dangerous; 1% risk of failure)
Confirm with . or Enter, or press ? or * to list all spells.
Aiming: Sticky Flame (dangerous; 1% risk of failure)
Press: ? - help, Shift-Dir - straight line, f/p - wraith
Aim: a wraith (severely damaged, 100% to hit)
The sticky flame hits the wraith.
The wraith is almost destroyed.
* * * LOW HITPOINT WARNING * * *
The wraith barely misses you.
Casting: Sticky Flame (dangerous; 1% risk of failure)
Confirm with . or Enter, or press ? or * to list all spells.
Aiming: Sticky Flame (dangerous; 1% risk of failure)
Press: ? - help, Shift-Dir - straight line, f/p - wraith
Aim: a wraith (almost destroyed, 100% to hit)
The sticky flame hits the wraith but does no damage.
The wraith is almost destroyed.
* * * LOW HITPOINT WARNING * * *
Joseph, a Mercenary comes into view.
He is wielding a +0 quarterstaff.
The wraith hits you!
* * * LOW HITPOINT WARNING * * *
The wraith drains your vigour!
You feel yourself slow down. The wraith hits you.
You die...
Your body crumbles into a pile of gold.

** *,* #.****,,,,,***
,*****,* #.***,,,,,**
,,$,,,,**###*.*#,***,**
,*****,,,,....#$**
**,** *******#####.#$#*
**,* ,,,,,,,........#
*,* ***********#.#@##
**,* #...W## **,**
#####@#**,** ##...#*
*####


You could see Joseph and a wraith.

Vanquished Creatures
  A two-headed ogre (D:8)
  Pikel (D:6)
  A manticore (D:7)
  Sigmund (D:3)
  A vampire (D:6)
  Eustachio (D:6)
  A wraith (D:9)
  A wyvern (D:9)
  6 yaks (D:10)
  2 steam dragons
  3 acid dragons
  2 water moccasins
  4 orc warriors
  A hornet zombie (D:9)
  A black bear (D:3)
  4 ogres
  2 centaurs
  A lemure (D:6)
  A phantom (D:5)
  3 kobold brigands
  3 bullfrogs
  6 scorpions
  7 killer bees
  5 howler monkeys
  7 wights
  2 centaur zombies
  A jelly (D:6)
  2 hounds
  4 orc priests
  Ijyb (D:3)
  A centaur skeleton (D:5)
  An iguana (D:6)
  11 orc wizards
  A howler monkey zombie (D:9)
  2 howler monkey skeletons (D:7)
  6 adders
  A shadow imp (D:6)
  An ufetubus (D:6)
  4 worms
  35 orcs
  12 endoplasms
  3 giant cockroaches
  6 goblins
  5 hobgoblins
  2 quokkas
  7 ball pythons
  5 bats
  3 frilled lizards
  11 kobolds
  A quokka skeleton (D:4)
  4 rats
198 creatures vanquished.

Vanquished Creatures (others)
  607 foxfires
607 creatures vanquished.

Grand Total: 805 creatures vanquished

Notes
Turn   | Place    | Note
-------+----------+-------------------------------------------
     0 | D:1      | robertstho the Djinni Fire Elementalist began the quest for
                  | the Orb.
     0 | D:1      | Reached XP level 1. HP: 15/15 MP: 0/0
   351 | D:1      | Reached XP level 2. HP: 17/21 MP: 0/0
   819 | D:1      | Found a faded altar of an unknown god.
   868 | D:1      | Reached XP level 3. HP: 23/25 MP: 0/0
   868 | D:1      | Learned a level 1 spell: Animate Skeleton
   976 | D:1      | Reached skill level 3 in Spellcasting
  1515 | D:2      | Noticed an ogre
  1523 | D:2      | Killed an ogre
  1524 | D:2      | Reached XP level 4. HP: 23/31 MP: 0/0
  1524 | D:2      | Reached XP level 5. HP: 26/35 MP: 0/0
  1524 | D:2      | Learned a level 2 spell: Poisonous Vapours
  2282 | D:3      | Noticed Sigmund
  2527 | D:3      | Upgraded the game from 0.28-a0-265-g048bc9fd10 to
                  | 0.28-a0-312-gbced6e68ee
  2566 | D:3      | Reached skill level 4 in Spellcasting
  2768 | D:3      | Reached XP level 6. HP: 37/40 MP: 0/0
  2949 | D:3      | Noticed a black bear
  2956 | D:3      | Killed a black bear
  3233 | D:3      | Noticed Ijyb
  3618 | D:4      | Reached skill level 5 in Spellcasting
  3618 | D:4      | Reached XP level 7. HP: 37/46 MP: 0/0
  3618 | D:4      | Learned a level 2 spell: Blink
  4438 | D:4      | Found an iron altar of Okawaru.
  5044 | D:5      | Entered Level 5 of the Dungeon
  5144 | D:5      | Reached skill level 6 in Spellcasting
  5187 | D:5      | Reached XP level 8. HP: 35/51 MP: 0/0
  5771 | D:5      | Reached skill level 7 in Spellcasting
  6530 | D:5      | Reached XP level 9. HP: 48/56 MP: 0/0
  6530 | D:5      | Learned a level 4 spell: Cause Fear
  6909 | D:6      | Reached skill level 8 in Spellcasting
  7050 | D:6      | Found a staircase to the Ecumenical Temple.
  7059 | Temple   | Entered the Ecumenical Temple
  7323 | Temple   | Became a worshipper of Gozag Ym Sagoz the Greedy
  7570 | D:6      | Noticed Eustachio
  7589 | D:6      | Noticed Pikel
  7823 | D:3      | Killed Sigmund
  7824 | D:3      | Reached skill level 1 in Short Blades
  8041 | D:3      | Killed Ijyb
  8866 | D:6      | Killed Eustachio
  8867 | D:6      | Reached skill level 9 in Spellcasting
  8922 | D:6      | Killed Pikel
  8923 | D:6      | Reached XP level 10. HP: 41/61 MP: 0/0
  9143 | D:6      | Found Fihusam's Serpentskin Sales.
  9566 | D:7      | Reached skill level 5 in Stealth
  9663 | D:7      | Noticed a manticore
  9668 | D:7      | HP: 3/61 [manticore/volley of spikes (6)]
  9669 | D:7      | Killed a manticore
  9670 | D:7      | Reached skill level 10 in Spellcasting
 10088 | D:7      | Reached skill level 1 in Fighting
 10658 | D:8      | Noticed a two-headed ogre
 10662 | D:8      | Killed a two-headed ogre
 12139 | D:9      | Reached XP level 11. HP: 57/67 MP: 0/0
 12139 | D:9      | Learned a level 5 spell: Manifold Assault
 12208 | D:9      | Found a staircase to the Lair.
 12499 | D:9      | Reached skill level 11 in Spellcasting
 12590 | D:10     | Entered Level 10 of the Dungeon
 13251 | D:10     | Noticed Joseph
 13251 | D:10     | HP: 1/67 [wraith (11)]
 13253 | D:10     | Slain by a wraith

Illustrated notes

Levels and vault maps discovered:
D:1:      heliophobic_arrival_dark_side_of_the_moon, layout_basic,
          shapermc_ecumenical_altar_gd, moated_statue, minivault_25
D:2:      layout_loops_ring
D:3:      layout_basic, minmay_pentomino_pile, uniq_ijyb, uniq_sigmund
D:4:      layout_cave_pods, marbit_many_paths
D:5:      layout_basic, minmay_a_box_with_orc_wizards_in_it
D:6:      layout_rooms, minmay_temple_entry_tees, minmay_misc_feat_more_columns,
          hangedman_decor_push, st_stairs_14, guppyfry_shop_venom, uniq_pikel,
          uniq_eustachio
D:7:      layout_cave_pools
D:8:      layout_loops_corners
D:9:      minmay_the_grid_triangle_9x9_recursive_2
          [minmay_the_grid_triangle_9x9_prize_special,
          minmay_the_grid_triangle_9x9_corrupted_corridor,
          minmay_the_grid_triangle_9x9_skeleton,
          minmay_the_grid_triangle_9x9_windchime], layout_gridville,
          lair_entry_dummy, chequers_serial_rivers_micro_e, uniq_erolcha
D:10:     layout_loops_ring, small_statue_intersection, uniq_joseph
Temple:   regret_index_temple_sigil_plot

Skill      XL: |  1  2  3  4  5  6  7  8  9 10 11 |
---------------+----------------------------------+-----
Spellcasting   | 3 4 5 6 7 9 10 11 | 11.6
Stealth        | 2 3 4 5 |  5.8
Dodging        | 3 4 |  4.4
Short Blades   | 1 |  1.2
Fighting       | 1 |  1.2
Evocations     | |  0.9

Action                   |  1- 3 |  4- 6 |  7- 9 | 10-12 || total
-------------------------+-------+-------+-------+-------++-------
Melee: Dagger            |     6 |     1 |     5 |       ||    12
 Cast: Foxfire           |    61 |   102 |   204 |       ||   367
       Sticky Flame      |       |     1 |    10 |     8 ||    19
       Fireball          |       |       |    20 |    99 ||   119
Invok: Potion Petition   |       |       |       |     2 ||     2
Evoke: Wand              |       |       |       |     1 ||     1
  Use: Potion            |       |     2 |       |     2 ||     4
       Scroll            |       |     2 |     2 |     5 ||     9
 Stab: Sleeping          |       |     1 |     1 |       ||     2
Armor: Robe              |     2 |     6 |     4 |     2 ||    14
Dodge: Dodged            |     8 |    17 |    21 |    12 ||    58

Table legend: (Time is in decaauts)
 A = Elapsed time spent in this place.
 B = Non-inter-level travel time spent in this place.
 C = Inter-level travel time spent in this place.
 D = Time resting spent in this place.
 E = Time spent auto-exploring this place.
 F = Levels seen in this place.
 G = Mean time per level.
                   A        B        C        D        E       F      G
               +--------+--------+--------+--------+--------+-----+--------+
         Total |  13261 |  12904 |    357 |   1072 |  10540 |  11 | 1205.5 |
       Dungeon |  12963 |  12652 |    311 |   1072 |  10309 |  10 | 1296.3 |
        Temple |    297 |    252 |     45 |      0 |    231 |   1 |  297.0 |
               +--------+--------+--------+--------+--------+-----+--------+

Top non-repeatable levels by time:
     D:3: 1924 daAuts
     D:5: 1893 daAuts
     D:4: 1820 daAuts
     D:8: 1523 daAuts
     D:1: 1313 daAuts
     D:6: 1293 daAuts
     D:7: 1035 daAuts
     D:2: 993 daAuts
    D:10: 670 daAuts
     D:9: 495 daAuts
  Temple: 297 daAuts
